[Event "ICC tourney 2330 (75 10)"]
[Site "Internet Chess Club"]
[Date "2021.01.23"]
[Round "1"]
[White "SGOLD9367"]
[Black "ira2006"]
[Result "1-0"]
[ICCResult "Black checkmated"]
[WhiteElo "1210"]
[BlackElo "563"]
[Opening "Queen's gambit declined"]
[ECO "D30"]
[NIC "QP.08"]
[Time "13:03:20"]
[PlyCount "69"]
[TimeControl "4500+10"]

1. d4 d5 2. c4 e6 3. Nf3 g6 4. Bf4 Nf6 5. Nc3 Bg7 6. e3 O-O 7. Bd3 Re8 8.
Qb3 Nc6 9. O-O b6 10. Nb5 Nd7 11. Nxc7 e5 12. Nxa8 exf4 13. cxd5 Na5 14.
Qc3 Bb7 15. Nc7 Re7 16. d6 Re8 17. Nxe8 Qxe8 18. Be2 fxe3 19. Qxe3 Qc8 20.
Rac1 Qf8 21. Qe7 Nb8 22. Rc7 h6 23. Rxb7 Nxb7 24. Qxb7 Qxd6 25. Rc1 Nd7 26.
Rc8+ Bf8 27. Rd8 Nc5 28. Rxd6 Nxb7 29. Rd7 Na5 30. Ne5 h5 31. b4 Bxb4 32.
Rxa7 f6 33. Nxg6 f5 34. Bf3 Nc6 35. Bd5# { Black checkmated } 1-0

[Event "ICC tourney 2330 (75 10)"]
[Site "Internet Chess Club"]
[Date "2021.01.23"]
[Round "1"]
[White "MeLikeGame"]
[Black "PsychonautYogi"]
[Result "1-0"]
[ICCResult "Black checkmated"]
[WhiteElo "1384"]
[BlackElo "1103"]
[Opening "Petrov's defense"]
[ECO "C42"]
[NIC "RG.03"]
[Time "13:03:17"]
[PlyCount "111"]
[TimeControl "4500+10"]

1. e4 e5 2. Nf3 Nf6 3. Nxe5 d6 4. Nf3 Nxe4 5. Be2 Be7 6. O-O O-O 7. Nc3
Nxc3 8. bxc3 Nc6 9. d4 d5 10. Bf4 a6 11. h3 b5 12. Rb1 Na5 13. Re1 Nc4 14.
Bxc4 dxc4 15. Ne5 Bb7 16. Nxc4 Bg5 17. Bxg5 Qxg5 18. Ne3 Rfe8 19. Qg4 Qxg4
20. Nxg4 Bd5 21. a3 c6 22. Ne5 Re6 23. Nd3 Rae8 24. Rxe6 Rxe6 25. Re1 Rxe1+
26. Nxe1 Ba2 27. Kf1 Kf8 28. Ke2 Ke7 29. Nd3 Bc4 30. Kd2 Bxd3 31. cxd3 Kd6
32. Ke3 Kd5 33. Kf4 a5 34. Ke3 h6 35. g3 g6 36. f3 f6 37. h4 f5 38. g4 h5
39. gxf5 gxf5 40. Kf4 b4 41. cxb4 axb4 42. axb4 Kxd4 43. Kxf5 Kxd3 44. f4
Kc4 45. Ke6 Kxb4 46. f5 c5 47. f6 c4 48. f7 c3 49. f8=Q+ Kb3 50. Qb8+ Kc2
51. Kd5 Kd1 52. Qb1+ Kd2 53. Kd4 c2 54. Qa2 Kd1 55. Kd3 c1=Q 56. Qe2# {
Black checkmated } 1-0

[Event "ICC tourney 2330 (75 10)"]
[Site "Internet Chess Club"]
[Date "2021.01.23"]
[Round "1"]
[White "vidhat08"]
[Black "Diyor"]
[Result "0-1"]
[ICCResult "White resigns"]
[WhiteElo "680"]
[BlackElo "1218"]
[Opening "Queen's pawn game, Darooha variation "]
[ECO "D02"]
[NIC "QP.09"]
[Time "13:03:23"]
[PlyCount "74"]
[TimeControl "4500+10"]

1. Nf3 d5 2. d4 Nf6 3. g3 Bf5 4. b3 Nc6 5. c4 e6 6. Bb2 Bb4+ 7. Nc3 Ne4 8.
Rc1 O-O 9. Bg2 Nxc3 10. Bxc3 Bxc3+ 11. Rxc3 Nb4 12. O-O Nxa2 13. Re3 Nb4
14. Ne5 c6 15. cxd5 Nxd5 16. Bxd5 Qxd5 17. b4 Bh3 18. f3 Bxf1 19. Kxf1 Rfd8
20. Rd3 Qb5 21. Qd2 f6 22. Ng4 e5 23. dxe5 Rxd3 24. exd3 Rd8 25. exf6 Rxd3
26. Qa2+ Rd5+ 27. Kg2 Qxb4 28. Ne3 Qd2+ 29. Qxd2 Rxd2+ 30. Kh3 gxf6 31. Nc4
Rd4 32. Ne3 a5 33. Nc2 Rc4 34. Na3 Ra4 35. Nc2 b5 36. Kg2 b4 37. Kf2 b3 {
White resigns } 0-1

[Event "ICC tourney 2330 (75 10)"]
[Site "Internet Chess Club"]
[Date "2021.01.23"]
[Round "1"]
[White "acgc"]
[Black "Rhinoguy"]
[Result "0-1"]
[ICCResult "White checkmated"]
[WhiteElo "946"]
[BlackElo "1307"]
[Opening "Four knights: Italian variation"]
[ECO "C55"]
[NIC "IG.01"]
[Time "13:02:27"]
[PlyCount "66"]
[TimeControl "4500+10"]

1. e4 e5 2. Nf3 Nc6 3. Bc4 Nf6 4. Nc3 Nxe4 5. Nxe4 d5 6. Bd3 dxe4 7. Bxe4
Bd6 8. d3 O-O 9. Be3 Be6 10. Qd2 Qd7 11. d4 exd4 12. Nxd4 Nxd4 13. Bxd4 h6
14. Qd3 Rfe8 15. O-O c5 16. Bc3 Rad8 17. Rad1 b5 18. b3 b4 19. Bb2 Qc7 20.
Bc3 Bxh2+ 21. Kh1 Rxd3 22. Rxd3 bxc3 23. Rxc3 Qe5 24. Re3 Bf4 25. Bh7+ Kxh7
26. Rxe5 Bxe5 27. Re1 Bd4 28. Rf1 Bf5 29. c4 Re2 30. f3 Rxa2 31. g4 Bd3 32.
Rd1 Be2 33. Re1 Bxf3# { White checkmated } 0-1

[Event "ICC tourney 2330 (75 10)"]
[Site "Internet Chess Club"]
[Date "2021.01.23"]
[Round "1"]
[White "salamenceg"]
[Black "kskariah"]
[Result "0-1"]
[ICCResult "White checkmated"]
[WhiteElo "1080"]
[BlackElo "1359"]
[Opening "French: Tarrasch, closed variation"]
[ECO "C05"]
[NIC "FR.16"]
[Time "13:03:12"]
[PlyCount "54"]
[TimeControl "4500+10"]

1. e4 e6 2. d4 d5 3. Nd2 Nf6 4. e5 Nfd7 5. Ngf3 c5 6. c3 Nc6 7. Nb3 Qb6 8.
dxc5 Bxc5 9. Nxc5 Qxc5 10. Be3 Qe7 11. Bf4 O-O 12. Bb5 f6 13. Bxc6 bxc6 14.
exf6 Nxf6 15. Bg5 Ba6 16. Qd4 c5 17. Qh4 Qb7 18. Bxf6 Qxb2 19. c4 Rxf6 20.
Rd1 Bxc4 21. Rd2 Qc1+ 22. Rd1 Qc3+ 23. Rd2 Rxf3 24. gxf3 Qe5+ 25. Kd1 Qa1+
26. Kc2 Qxa2+ 27. Kc3 Qb3# { White checkmated } 0-1

[Event "ICC tourney 2330 (75 10)"]
[Site "Internet Chess Club"]
[Date "2021.01.23"]
[Round "1"]
[White "avbhosale"]
[Black "anmolwarman"]
[Result "0-1"]
[ICCResult "White checkmated"]
[WhiteElo "462"]
[BlackElo "1187"]
[Opening "Sicilian: Hungarian variation"]
[ECO "B27"]
[NIC "SI.43"]
[Time "13:02:58"]
[PlyCount "114"]
[TimeControl "4500+10"]

1. e4 c5 2. Nf3 g6 3. d4 cxd4 4. Qxd4 Nf6 5. e5 Nc6 6. Qc3 Ng8 7. Bf4 Bg7
8. Nbd2 d6 9. O-O-O Nh6 10. Bxh6 Bxh6 11. Kb1 Bg7 12. Bb5 O-O 13. Bxc6 bxc6
14. Qxc6 Rb8 15. c3 Bf5+ 16. Ka1 Qa5 17. Nc4 Qb5 18. Qxb5 Rxb5 19. exd6
exd6 20. Nxd6 Ra5 21. Nc4 Ra4 22. Nd6 Be6 23. Nd4 Bxa2 24. Rd2 Bd5+ 25. Kb1
Rd8 26. N6b5 Be4+ 27. Rc2 a6 28. Na3 Bxd4 29. cxd4 Rc8 30. Rc1 Bxc2+ 31.
Nxc2 Rac4 32. b3 Rc3 33. Kb2 a5 34. d5 Kf8 35. d6 Ke8 36. f3 Kd7 37. Kb1
Rxb3+ 38. Ka2 Rbc3 39. Kb2 a4 40. Kb1 a3 41. h4 Rb8+ 42. Ka2 Rb2+ 43. Ka1
Rbxc2 44. Rxc2 Rxc2 45. Kb1 Rxg2 46. Ka1 Kxd6 47. Kb1 Ke5 48. Ka1 Kf4 49.
Kb1 Kxf3 50. Ka1 Kg4 51. Kb1 Kxh4 52. Ka1 Kg4 53. Kb1 h5 54. Ka1 h4 55. Kb1
h3 56. Ka1 h2 57. Kb1 h1=Q# { White checkmated } 0-1

[Event "ICC tourney 2330 (75 10)"]
[Site "Internet Chess Club"]
[Date "2021.01.23"]
[Round "1"]
[White "vihaan2011"]
[Black "Landrade"]
[Result "1-0"]
[ICCResult "Black checkmated"]
[WhiteElo "1307"]
[BlackElo "928"]
[Opening "Caro-Kann: Forgács variation"]
[ECO "B15"]
[NIC "CK.06"]
[Time "13:02:25"]
[PlyCount "37"]
[TimeControl "4500+10"]

1. e4 c6 2. d4 d5 3. Nc3 dxe4 4. Nxe4 Nf6 5. Nxf6+ exf6 6. Bc4 Bf5 7. Qe2+
Be7 8. Nf3 O-O 9. O-O Re8 10. Re1 Nd7 11. c3 Qc7 12. Nh4 Bg6 13. Nxg6 hxg6
14. Qg4 g5 15. Qh5 Rf8 16. Rxe7 Qd6 17. Bxf7+ Rxf7 18. Qxf7+ Kh8 19. Qxg7#
{ Black checkmated } 1-0

[Event "ICC tourney 2330 (75 10)"]
[Site "Internet Chess Club"]
[Date "2021.01.23"]
[Round "1"]
[White "Poorvi123"]
[Black "DanielGuan"]
[Result "0-1"]
[ICCResult "White checkmated"]
[WhiteElo "752"]
[BlackElo "1291"]
[Opening "Sicilian defense"]
[ECO "B30"]
[NIC "SI.31"]
[Time "13:04:20"]
[PlyCount "52"]
[TimeControl "4500+10"]

1. e4 c5 2. Nf3 Nc6 3. Bc4 d6 4. Nc3 Nf6 5. O-O g6 6. Qe2 Bg7 7. d3 O-O 8.
Bg5 Bg4 9. Qe3 Bd7 10. Nd5 Ng4 11. Qf4 h6 12. Qg3 hxg5 13. Nxg5 Bh6 14. h3
Nd4 15. Kh1 Bxg5 16. hxg4 Kg7 17. Rae1 Rh8+ 18. Kg1 e5 19. f4 exf4 20. Nxf4
Bh4 21. Nh5+ Rxh5 22. Rxf7+ Kh6 23. g5+ Qxg5 24. Qxd6 Bxe1 25. Qxd7 Qe3+
26. Kf1 Rh1# { White checkmated } 0-1

[Event "ICC tourney 2330 (75 10)"]
[Site "Internet Chess Club"]
[Date "2021.01.23"]
[Round "1"]
[White "hanruiliu"]
[Black "Player1139"]
[Result "1-0"]
[ICCResult "Black resigns"]
[WhiteElo "1115"]
[BlackElo "259"]
[Opening "Queen's bishop game"]
[ECO "D02"]
[NIC "QP.06"]
[Time "13:02:23"]
[PlyCount "121"]
[TimeControl "4500+10"]

1. Nf3 Nf6 2. d4 d5 3. Bf4 Bf5 4. e3 e6 5. c3 c6 6. Bd3 Bxd3 7. Qxd3 Ne4 8.
Nbd2 f5 9. Ne5 Nd7 10. Ndf3 Bd6 11. c4 Nxe5 12. Nxe5 Bxe5 13. Bxe5 O-O 14.
O-O a6 15. Rac1 Rc8 16. b3 b5 17. Qe2 Qg5 18. f4 Qg6 19. Rf3 bxc4 20. bxc4
a5 21. h4 Ng3 22. Qe1 Ne4 23. Rh3 Qg4 24. h5 a4 25. Rh4 Qg3 26. Qxg3 Nxg3
27. Kh2 Ne2 28. Rc2 Nxf4 29. Rxf4 g5 30. hxg6 hxg6 31. Rh4 Kf7 32. c5 g5
33. Rh7+ Ke8 34. Bd6 Rf7 35. Rh8+ Kd7 36. Rxc8 Kxc8 37. Rb2 Rh7+ 38. Kg1
Rb7 39. Rxb7 Kxb7 40. Kf1 Ka6 41. Ke1 Kb5 42. Kd1 Kc4 43. Kc2 a3 44. Be7 f4
45. Bxg5 fxe3 46. Bxe3 Kb5 47. g4 Ka6 48. g5 Kb5 49. g6 Kc4 50. g7 e5 51.
dxe5 d4 52. g8=Q+ Kb5 53. Qb8+ Kc4 54. Qb3+ Kxc5 55. Qxa3+ Kd5 56. Qd6+ Ke4
57. Qxd4+ Kf3 58. e6 c5 59. Qxc5 Ke4 60. e7 Kf3 61. e8=Q { Black resigns }
1-0

[Event "ICC tourney 2330 (75 10)"]
[Site "Internet Chess Club"]
[Date "2021.01.23"]
[Round "1"]
[White "niftyfountain"]
[Black "boxingguy2469x"]
[Result "1-0"]
[ICCResult "Black resigns"]
[WhiteElo "1357"]
[BlackElo "1050"]
[Opening "Scotch: Schmidt variation"]
[ECO "C45"]
[NIC "SO.04"]
[Time "13:02:26"]
[PlyCount "97"]
[TimeControl "4500+10"]

1. e4 e5 2. Nf3 Nc6 3. d4 exd4 4. Nxd4 Nf6 5. Nc3 Bb4 6. Nxc6 bxc6 7. Bd3
d6 8. h3 d5 9. exd5 Qe7+ 10. Qe2 Qxe2+ 11. Bxe2 cxd5 12. O-O d4 13. Nb5 Bd6
14. Nxd4 Bb7 15. Bb5+ Nd7 16. Re1+ Kd8 17. Bc6 Rb8 18. Bxb7 Rxb7 19. Nf3 h6
20. b3 Nf6 21. Bb2 Rg8 22. Rad1 Kc8 23. Nd4 Re8 24. Rxe8+ Nxe8 25. Re1 Nf6
26. Nf5 Bb4 27. Rd1 Bf8 28. Nxh6 c6 29. Nf5 a5 30. Bxf6 gxf6 31. Nd6+ Bxd6
32. Rxd6 Re7 33. Rxc6+ Kb7 34. Rc3 Re1+ 35. Kh2 Re2 36. f3 Kb6 37. h4 Kb5
38. h5 Re8 39. Rc7 Kb4 40. a4 Ka3 41. Rxf7 Rh8 42. g4 Kb2 43. Rc7 Ka3 44.
Kg3 Re8 45. Rc6 Rf8 46. h6 Kb2 47. Kf4 Kc1 48. Kf5 Kd2 49. Kg6 { Black
resigns } 1-0

[Event "ICC tourney 2330 (75 10)"]
[Site "Internet Chess Club"]
[Date "2021.01.23"]
[Round "1"]
[White "Cougar2020"]
[Black "Jake000"]
[Result "1/2-1/2"]
[ICCResult "Game drawn by mutual agreement"]
[WhiteElo "1292"]
[BlackElo "759"]
[Opening "Sicilian: dragon, Yugoslav attack, 10.O-O-O"]
[ECO "B78"]
[NIC "SI.18"]
[Time "13:02:26"]
[PlyCount "46"]
[TimeControl "4500+10"]

1. e4 c5 2. Nf3 d6 3. d4 cxd4 4. Nxd4 Nf6 5. Nc3 g6 6. Be3 Bg7 7. f3 Nc6 8.
Qd2 O-O 9. Bc4 Bd7 10. O-O-O Rc8 11. Bb3 Re8 12. g4 Ne5 13. Rdf1 e6 14. h4
Nc4 15. Bxc4 Rxc4 16. h5 Bc8 17. Bg5 e5 18. Nde2 Qb6 19. Nd5 Nxd5 20. exd5
Bd7 21. Bh6 Rec8 22. c3 Bh8 23. hxg6 fxg6 { Game drawn by mutual agreement
} 1/2-1/2

[Event "ICC tourney 2330 (75 10)"]
[Site "Internet Chess Club"]
[Date "2021.01.23"]
[Round "1"]
[White "raadix028"]
[Black "VirginiaGuy"]
[Result "0-1"]
[ICCResult "White checkmated"]
[WhiteElo "823"]
[BlackElo "1298"]
[Opening "Queen's bishop game"]
[ECO "D00"]
[NIC "QP.08"]
[Time "13:03:14"]
[PlyCount "80"]
[TimeControl "4500+10"]

1. d4 d5 2. Bf4 Nf6 3. Nf3 g6 4. e3 Bf5 5. Nbd2 Bg7 6. c3 c6 7. Ne5 Nbd7 8.
Ndf3 O-O 9. Bd3 Bxd3 10. Qxd3 Qb6 11. Qc2 Rac8 12. O-O c5 13. b4 cxb4 14.
Nxd7 Nxd7 15. Qa4 Nf6 16. Qxb4 Qxb4 17. cxb4 Rc2 18. Rfc1 Rfc8 19. Rxc2
Rxc2 20. a4 Ne4 21. Bg3 Nxg3 22. hxg3 Kf8 23. Kf1 Ke8 24. Ke1 h6 25. b5 Kd7
26. Rb1 Kc7 27. a5 e6 28. Nd2 Kb8 29. f4 Rc3 30. Rb3 Rc8 31. Ke2 Rc2 32.
Kd3 Rc1 33. Rb1 Rc8 34. b6 a6 35. Nb3 Bf8 36. e4 dxe4+ 37. Kxe4 Bb4 38. Ke5
Be7 39. g4 Rc2 40. Rc1 Re2# { White checkmated } 0-1

[Event "ICC tourney 2330 (75 10)"]
[Site "Internet Chess Club"]
[Date "2021.01.23"]
[Round "1"]
[White "chesssiddu"]
[Black "varunprabhu"]
[Result "1-0"]
[ICCResult "Black checkmated"]
[WhiteElo "1269"]
[BlackElo "691"]
[Opening "Giuoco Piano: four knights variation"]
[ECO "C47"]
[NIC "KP.06"]
[Time "13:04:50"]
[PlyCount "77"]
[TimeControl "4500+10"]

1. e4 e5 2. Nf3 Nc6 3. Nc3 Nf6 4. Bc4 Bc5 5. O-O O-O 6. d3 d6 7. h3 Bd7 8.
Bg5 h6 9. Be3 Bxe3 10. fxe3 a6 11. a4 Na5 12. Ba2 Nc6 13. d4 exd4 14. exd4
Qe7 15. Re1 Nh5 16. Nd5 Qd8 17. e5 dxe5 18. Nxe5 g6 19. Nxd7 Qxd7 20. Qxh5
gxh5 21. Nf6+ Kg7 22. Nxd7 Rfd8 23. Ne5 Nxd4 24. Rac1 Re8 25. c3 Nf5 26.
Bxf7 Rf8 27. Bxh5 Ng3 28. Bf3 Rae8 29. Nd7 Rxe1+ 30. Rxe1 Rf7 31. Nc5 Kf6
32. Re6+ Kg7 33. Nxb7 c6 34. Nc5 Nf5 35. Rxc6 Nh4 36. Ne6+ Kh7 37. Be4+ Kg8
38. Rc8+ Rf8 39. Rxf8# { Black checkmated } 1-0

[Event "ICC tourney 2330 (75 10)"]
[Site "Internet Chess Club"]
[Date "2021.01.23"]
[Round "2"]
[White "Diyor"]
[Black "MeLikeGame"]
[Result "0-1"]
[ICCResult "White checkmated"]
[WhiteElo "1218"]
[BlackElo "1384"]
[Opening "Ruy Lopez: 5.O-O"]
[ECO "C78"]
[NIC "RL.12"]
[Time "16:32:34"]
[PlyCount "120"]
[TimeControl "4500+10"]

1. e4 e5 2. Nf3 Nc6 3. Bb5 a6 4. Ba4 Nf6 5. O-O b5 6. Bb3 Bc5 7. d3 O-O 8.
Bg5 h6 9. Bh4 d6 10. h3 Be6 11. Nc3 Ne7 12. Bxe6 fxe6 13. Ne2 Ng6 14. Bxf6
Qxf6 15. d4 exd4 16. Nexd4 e5 17. Nf5 Ne7 18. Nxe7+ Qxe7 19. Qd5+ Kh8 20.
Rad1 Qf6 21. c3 Rad8 22. Qb7 Bb6 23. Qxa6 Qg6 24. Kh1 Rf6 25. Qxb5 Rdf8 26.
Qe2 Qh5 27. Rg1 Rxf3 28. Qxf3 Rxf3 29. Kh2 Rxf2 30. Rb1 Be3 31. Rgf1 Qe2
32. Rxf2 Qxf2 33. a3 Qf4+ 34. Kh1 Qg3 35. b4 Bf4 36. Kg1 Qh2+ 37. Kf2 Qg3+
38. Kg1 Qxc3 39. a4 Qc2 40. Ra1 Be3+ 41. Kh2 Bd4 42. Ra3 Bc3 43. b5 Qb2 44.
Rxc3 Qxc3 45. h4 Qa5 46. g3 Qxa4 47. Kh3 Qxb5 48. h5 c6 49. Kh4 c5 50. g4
c4 51. g5 c3 52. g6 c2 53. Kg4 c1=Q 54. Kf5 Qf4+ 55. Ke6 Qe8+ 56. Kxd6 Qf6+
57. Kd5 Qfd8+ 58. Kc4 Qc6+ 59. Kb3 Qb8+ 60. Ka2 Qa6# { White checkmated }
0-1

[Event "ICC tourney 2330 (75 10)"]
[Site "Internet Chess Club"]
[Date "2021.01.23"]
[Round "2"]
[White "cappyal"]
[Black "Cougar2020"]
[Result "0-1"]
[ICCResult "White resigns"]
[WhiteElo "624"]
[BlackElo "1292"]
[Opening "French: advance, Nimzovich system"]
[ECO "C02"]
[NIC "FR.03"]
[Time "16:32:22"]
[PlyCount "32"]
[TimeControl "4500+10"]

1. e4 e6 2. d4 d5 3. e5 c5 4. Nf3 Nc6 5. Be3 Qb6 6. Qc1 cxd4 7. Bf4 Bd7 8.
Be2 Rc8 9. a3 Na5 10. Qd2 Qxb2 11. Qxd4 Rxc2 12. Qxb2 Rxb2 13. Bd3 Nb3 14.
O-O Nxa1 15. Nbd2 Nb3 16. Nb1 Nc5 { White resigns } 0-1

[Event "ICC tourney 2330 (75 10)"]
[Site "Internet Chess Club"]
[Date "2021.01.23"]
[Round "2"]
[White "Player1139"]
[Black "Poorvi123"]
[Result "1-0"]
[ICCResult "Black checkmated"]
[WhiteElo "259"]
[BlackElo "752"]
[Opening "Ruy Lopez: old Steinitz defense"]
[ECO "C62"]
[NIC "RL.02"]
[Time "16:32:32"]
[PlyCount "69"]
[TimeControl "4500+10"]

1. e4 e5 2. Nf3 Nc6 3. Bb5 d6 4. d4 Bd7 5. d5 Nce7 6. Bd3 c6 7. c4 cxd5 8.
cxd5 Qa5+ 9. Bd2 Qb6 10. Bc3 O-O-O 11. Qc2 Kb8 12. O-O Qc5 13. b4 Qc7 14.
a4 Nf6 15. Nbd2 Rg8 16. Nb3 Qc8 17. b5 g5 18. a5 g4 19. Nh4 Bh6 20. b6 a6
21. Nc1 Bb5 22. Bxb5 axb5 23. Ne2 b4 24. a6 bxa6 25. b7 Qc4 26. Qa4 Qxe2
27. Bxb4 Nxe4 28. Rfe1 Qxf2+ 29. Kh1 Qxh4 30. Rxe4 Bf4 31. Rxf4 exf4 32.
Qxa6 g3 33. h3 f3 34. Qa7+ Kc7 35. b8=Q# { Black checkmated } 1-0

[Event "ICC tourney 2330 (75 10)"]
[Site "Internet Chess Club"]
[Date "2021.01.23"]
[Round "2"]
[White "PsychonautYogi"]
[Black "vidhat08"]
[Result "1/2-1/2"]
[ICCResult "Game drawn because neither player has mating material"]
[WhiteElo "1103"]
[BlackElo "680"]
[Opening "Petrov: classical attack"]
[ECO "C42"]
[NIC "RG.04"]
[Time "16:32:28"]
[PlyCount "105"]
[TimeControl "4500+10"]

1. e4 e5 2. Nf3 Nf6 3. Nxe5 d6 4. Nf3 Nxe4 5. d4 Be7 6. Bd3 Nf6 7. O-O O-O
8. c4 d5 9. Nc3 dxc4 10. Bxc4 c5 11. d5 Bg4 12. Bf4 Bd6 13. Bg5 h6 14. Bh4
g5 15. Bg3 Bxg3 16. fxg3 Na6 17. Bxa6 bxa6 18. Rc1 Qd6 19. Qd3 Rfd8 20.
Rcd1 Rab8 21. b3 Rb4 22. Rfe1 Bxf3 23. gxf3 Rd4 24. Qf5 Nxd5 25. Ne4 Qe6
26. Qxe6 fxe6 27. Nxc5 Nc3 28. Rxd4 Rxd4 29. Nxa6 Nxa2 30. Rxe6 Rd3 31.
Rxh6 Rxf3 32. Rg6+ Kh7 33. Rxg5 Rxb3 34. Ra5 Rb1+ 35. Kg2 Nc3 36. Nc7 Rb7
37. Nd5 Rb5 38. Rxb5 Nxb5 39. Nb4 Kg6 40. h4 Kh5 41. Kh3 Nd4 42. g4+ Kg6
43. Kg3 a5 44. Na2 a4 45. Kf4 Ne6+ 46. Ke4 a3 47. Kd5 Nf4+ 48. Kc4 Ng2 49.
h5+ Kg5 50. Kb3 Nf4 51. Nc3 Nxh5 52. gxh5 Kxh5 53. Kxa3 { Game drawn
because neither player has mating material } 1/2-1/2

[Event "ICC tourney 2330 (75 10)"]
[Site "Internet Chess Club"]
[Date "2021.01.23"]
[Round "2"]
[White "Rhinoguy"]
[Black "SGOLD9367"]
[Result "1-0"]
[ICCResult "Black resigns"]
[WhiteElo "1307"]
[BlackElo "1210"]
[Opening "Sicilian: Alapin's variation (2.c3)"]
[ECO "B22"]
[NIC "SI.46"]
[Time "16:32:23"]
[PlyCount "61"]
[TimeControl "4500+10"]

1. e4 c5 2. c3 e6 3. d4 cxd4 4. cxd4 Bb4+ 5. Bd2 Qb6 6. a3 Bxd2+ 7. Qxd2
Nc6 8. Nf3 Nge7 9. Nc3 a6 10. Rc1 O-O 11. Bc4 Na5 12. Ba2 Nb3 13. Bxb3 Qxb3
14. O-O d6 15. Rfd1 Bd7 16. Qf4 Qb6 17. Nd2 Ng6 18. Nc4 Nxf4 19. Nxb6 Rad8
20. Nxd7 Rxd7 21. g3 Nh3+ 22. Kg2 Ng5 23. h4 f6 24. hxg5 fxg5 25. d5 Rdf7
26. dxe6 Rxf2+ 27. Kg1 R2f3 28. Rxd6 Rxg3+ 29. Kh2 Rgf3 30. e7 Rf2+ 31. Kg1
{ Black resigns } 1-0

[Event "ICC tourney 2330 (75 10)"]
[Site "Internet Chess Club"]
[Date "2021.01.23"]
[Round "2"]
[White "Jake000"]
[Black "salamenceg"]
[Result "1-0"]
[ICCResult "Black checkmated"]
[WhiteElo "759"]
[BlackElo "1080"]
[Opening "Neo-Grünfeld, 5.Nf3"]
[ECO "D74"]
[NIC "EO.64"]
[Time "16:32:42"]
[PlyCount "141"]
[TimeControl "4500+10"]

1. c4 Nf6 2. g3 g6 3. d4 d5 4. Bg2 Bg7 5. Nf3 O-O 6. cxd5 Nxd5 7. e4 Nb6 8.
Nc3 Nc6 9. d5 Ne5 10. Nxe5 Bxe5 11. f4 Bxc3+ 12. bxc3 h5 13. f5 e6 14. O-O
exf5 15. exf5 Bxf5 16. Bh6 Re8 17. Qf3 Qe7 18. h4 Be4 19. Qf2 Bxd5 20. Bxd5
Nxd5 21. Qd4 Qe5 22. Qf2 Qe7 23. Rae1 Qd7 24. Qd4 f5 25. Rd1 Rad8 26. Bg5
Nb6 27. Bxd8 Rxd8 28. Qf6 Qxd1 29. Qxg6+ Kh8 30. Rxd1 Rxd1+ 31. Kf2 Rd2+
32. Ke1 Rd7 33. Qxh5+ Kg8 34. Qxf5 Re7+ 35. Kd1 Rd7+ 36. Kc1 Rf7 37. Qg6+
Kf8 38. Qh6+ Ke8 39. Qg6 Kf8 40. h5 Rf1+ 41. Kb2 Rf2+ 42. Kb3 Rf7 43. h6
Nd7 44. h7 Rxh7 45. Qxh7 Nf6 46. Qxc7 a5 47. Qxa5 Ke7 48. Qe5+ Kf7 49. Qc7+
Ke6 50. Qxb7 Nd5 51. Qxd5+ Kxd5 52. a4 Kc6 53. g4 Kd6 54. g5 Ke5 55. a5 Kf5
56. a6 Kxg5 57. a7 Kf6 58. a8=Q Kg7 59. Qe8 Kh7 60. Qf8 Kg6 61. Qe7 Kh5 62.
Qg7 Kh4 63. Qg6 Kh3 64. Qg5 Kh2 65. Qg4 Kh1 66. c4 Kh2 67. c5 Kh1 68. c6
Kh2 69. c7 Kh1 70. c8=Q Kh2 71. Qh8# { Black checkmated } 1-0

[Event "ICC tourney 2330 (75 10)"]
[Site "Internet Chess Club"]
[Date "2021.01.23"]
[Round "2"]
[White "anmolwarman"]
[Black "niftyfountain"]
[Result "1-0"]
[ICCResult "Black checkmated"]
[WhiteElo "1187"]
[BlackElo "1357"]
[Opening "English: Carls' Bremen system"]
[ECO "A22"]
[NIC "EO.10"]
[Time "16:32:28"]
[PlyCount "111"]
[TimeControl "4500+10"]

1. c4 e5 2. Nc3 Nf6 3. g3 Bc5 4. Bg2 d6 5. Nf3 Bd7 6. d3 Nc6 7. a3 a6 8.
O-O O-O 9. b4 Ba7 10. Bb2 Qc8 11. e3 Bh3 12. d4 Bxg2 13. Kxg2 exd4 14. exd4
Qd7 15. c5 dxc5 16. dxc5 Qxd1 17. Rfxd1 Rad8 18. Ne2 Nd5 19. Ned4 Nxd4 20.
Nxd4 c6 21. Nf5 f6 22. Nd4 Bb8 23. Ne6 Rfe8 24. Nxd8 Rxd8 25. Re1 Kf7 26.
Re2 Bc7 27. Rae1 Rf8 28. h4 h6 29. Rd2 Rd8 30. Red1 Ke6 31. Kf3 Re8 32.
Re1+ Kf7 33. Rxe8 Kxe8 34. g4 Kf7 35. a4 Kf8 36. b5 axb5 37. axb5 Ke7 38.
b6 Bb8 39. g5 hxg5 40. hxg5 Nb4 41. gxf6+ gxf6 42. Kg4 Na6 43. Kf5 Nxc5 44.
Bxf6+ Kf7 45. Be5 Bxe5 46. Kxe5 Nb3 47. Rd7+ Ke8 48. Rxb7 Nc5 49. Rh7 Kd8
50. Kd6 Kc8 51. Kxc5 Kb8 52. f4 Kc8 53. f5 Kb8 54. f6 Kc8 55. f7 Kd8 56.
f8=Q# { Black checkmated } 1-0

[Event "ICC tourney 2330 (75 10)"]
[Site "Internet Chess Club"]
[Date "2021.01.23"]
[Round "2"]
[White "danielcao"]
[Black "vihaan2011"]
[Result "1-0"]
[ICCResult "Black resigns"]
[WhiteElo "1110"]
[BlackElo "1307"]
[Opening "Ruy Lopez: ...b5 & ...d6"]
[ECO "C78"]
[NIC "RL.12"]
[Time "16:32:23"]
[PlyCount "89"]
[TimeControl "4500+10"]

1. e4 e5 2. Nf3 Nc6 3. Bb5 a6 4. Ba4 Nf6 5. O-O b5 6. Bb3 d6 7. d3 Be7 8.
Nc3 Bg4 9. h3 Bh5 10. Bg5 Nd4 11. Bxf6 Nxf3+ 12. gxf3 Bxf6 13. Nd5 c6 14.
Ne3 Bh4 15. Nf5 Qg5+ 16. Kh1 Rd8 17. Rg1 Qf6 18. Nxg7+ Ke7 19. Nxh5 Qh6 20.
f4 exf4 21. Rg7 Rdf8 22. Kg2 Bf6 23. Qg4 Bxg7 24. Nxg7 f3+ 25. Kxf3 Qf6+
26. Nf5+ Ke8 27. Qf4 Kd7 28. Re1 Re8 29. Qe3 Ra8 30. Qf4 h5 31. e5 dxe5 32.
Rxe5 Rae8 33. Qd4+ Kc7 34. Re7+ Qxe7 35. Nxe7 Rxe7 36. Qxh8 a5 37. Qxh5 a4
38. Bxf7 Kd8 39. Qg6 a3 40. b3 b4 41. h4 c5 42. h5 c4 43. dxc4 Rxf7+ 44.
Qxf7 Kc8 45. h6 { Black resigns } 1-0

[Event "ICC tourney 2330 (75 10)"]
[Site "Internet Chess Club"]
[Date "2021.01.23"]
[Round "2"]
[White "prostripe"]
[Black "PawnPrincess"]
[Result "1-0"]
[ICCResult "Black resigns"]
[WhiteElo "1344"]
[BlackElo "1200"]
[Opening "Queen's pawn: London system"]
[ECO "A45"]
[NIC "QP.07"]
[Time "16:32:35"]
[PlyCount "79"]
[TimeControl "4500+10"]

1. d4 Nf6 2. Bf4 g6 3. Nc3 d6 4. Nf3 Bg7 5. h3 O-O 6. e4 b6 7. Be2 Re8 8.
O-O c5 9. d5 e5 10. dxe6 Bxe6 11. Bxd6 Bd7 12. e5 Nh5 13. Nh2 Nf4 14. Bf3
Bc6 15. Bxb8 Rxb8 16. Bxc6 Rxe5 17. Bf3 Qc8 18. Ng4 Re8 19. Ne2 Nxe2+ 20.
Bxe2 Bxb2 21. Rb1 Bd4 22. c4 Qa6 23. Qc2 Rbd8 24. Rb3 Qa4 25. Bf3 Rd6 26.
Bd5 Kg7 27. Kh1 h5 28. Nh2 b5 29. a3 Rxd5 30. cxd5 c4 31. Rc3 Bxc3 32.
Qxc3+ Kh7 33. Nf3 a5 34. Ng5+ Kh6 35. Nxf7+ Kh7 36. d6 b4 37. axb4 Qd7 38.
Ng5+ Kh6 39. f4 Qxd6 40. Nf7+ { Black resigns } 1-0